 Dungeon Crawl Stone Soup version 0.20.1-1-g8b1a95d (webtiles) character file.

11382 equalderp2856 the Cleaver (level 11, -1/95 HPs)
             Began as a Minotaur Fighter on Aug 17, 2017.
             Slain by a yak (9 damage)
             ... on level 1 of the Lair of Beasts.
             The game lasted 00:24:11 (13216 turns).

equalderp2856 the Cleaver (Minotaur Fighter)       Turns: 13216, Time: 00:24:11

Health: -1/95      AC: 17    Str: 22    XL:     11   Next: 48%
Magic:  10/10      EV:  8    Int:  5    God:
Gold:   445        SH: 18    Dex: 12    Spells: 10/10 levels left

rFire    + . .     SeeInvis .   a - +0 war axe
rCold    . . .     Gourm    .   Q - +0 large shield
rNeg     . . .     Faith    .   v - +2 chain mail {rF+}
rPois    .         Spirit   .   (helmet restricted)
rElec    .         Reflect  .   (no cloak)
rCorr    .         Harm     .   p - +2 pair of gloves
MR       .....                  (no boots)
Stlth    ..........             (no amulet)
Regen    0.3/turn               (no ring)
MPRegen  0.2/turn               (no ring)

@: starving
A: retaliatory headbutt, horns 2
a: no special abilities


You were on level 1 of the Lair of Beasts.
You were starving.

You visited 2 branches of the dungeon, and saw 10 of its levels.
You also visited: Sewer.

You collected 445 gold pieces.

Inventory:

Hand Weapons
 a - a +0 war axe (weapon)
 n - a +0 hunting sling
 F - a +0 trident of flaming
 I - a +0 trident
Missiles
 o - 8 tomahawks (quivered)
 u - 24 poisoned needles
 P - 5 tomahawks of returning
Armour
 b - a +0 scale mail
 c - a +0 shield
 p - a +2 pair of gloves (worn)
 v - a +2 chain mail of fire resistance (worn)
 H - a +0 robe
 K - a +0 pair of gloves
 Q - a +0 large shield (worn)
 R - a +0 pair of gloves
Jewellery
 j - a +2 ring of strength {unknown}
 y - an uncursed ring of fire {unknown}
 C - an uncursed ring of protection from cold {unknown}
 J - an uncursed ring of flight {unknown}
 W - an uncursed ring of fire {unknown}
Wands
 N - a wand of iceblast (0/15)
 Z - a wand of flame (15/48)
Scrolls
 e - a scroll of random uselessness {unknown}
 g - 5 scrolls of remove curse {unknown}
 h - 9 scrolls of identify
 m - 2 scrolls of recharging {unknown}
 q - a scroll of enchant weapon {unknown}
 r - a scroll of immolation {unknown}
 s - a scroll of fear {unknown}
 t - a scroll of amnesia {unknown}
 z - 2 scrolls of fog {unknown}
 A - a scroll of noise {unknown}
 E - 2 scrolls of magic mapping {unknown}
 M - 4 scrolls of teleportation
 O - a scroll of summoning {unknown}
 S - 2 scrolls of enchant armour {unknown}
Potions
 d - a potion of might
 i - a potion of mutation {unknown}
 k - 3 potions of curing
 w - a potion of degeneration
 x - 9 potions of flight
 B - a potion of invisibility {unknown}
 D - a potion of brilliance
 L - 2 potions of agility {unknown}
 T - a potion of haste {unknown}
 U - a potion of berserk rage {unknown}
 Y - 2 potions of ambrosia {unknown}
Books
 V - a book of Maledictions

   Spells                             Type                      Level
   a - Corona                         Hexes                        1
   b - Ensorcelled Hibernation        Hexes/Ice                    2
   c - Confuse                        Hexes                        3
   d - Tukima's Dance                 Hexes                        3
   e - Dazzling Spray                 Conjuration/Hexes            3
Comestibles
 f - 6 bread rations
 l - 4 meat rations
 X - 23 fruits


   Skills:
 + Level 8.7 Fighting
 + Level 13.3 Axes
 + Level 10.1 Armour
 + Level 5.6 Dodging
 + Level 1.5 Stealth
 + Level 10.7 Shields
 + Level 0.3 Evocations


You had 10 spell levels left.
You didn't know any spells.

Dungeon Overview and Level Annotations

Branches:
Dungeon (9/15)             Temple (0/1) D:5            Lair (1/6) D:9
    Orc: D:9-12

Altars:
Dithmenos
Elyvilon
Fedhas
Uskayaw
Vehumet
Yredelemnul

Annotations:
D:5 Frank's ghost, novice OpMo
D:7 exclusion: statue


Innate Abilities, Weirdness & Mutations

You reflexively headbutt those who attack you in melee.
You have a pair of horns on your head.


Message History

The yak is heavily wounded.
You block the yak's attack.
You hit the yak but do no damage.
The yak is heavily wounded.
The yak gores you but does no damage.
You hit the yak. Your headbutt misses the yak.
The yak is heavily wounded.
You block the yak's attack.
Your shield prevents you from hitting the yak.
You headbutt the yak!
The yak is almost dead.
The yak gores you!
* * * LOW HITPOINT WARNING * * *
You hit the yak. Your headbutt misses the yak.
The yak is almost dead.
The yak gores you but does no damage.
You hit the yak.
The yak is almost dead.
The yak gores you!
You die...

≈≈P........#........#
P≈≈.................## ..
P≈P..................#...
≈≈≈♣.........<...........
≈≈≈♣..............†......
≈≈ ♣..............##.....
≈≈ ♣.............## ....
P ♣........##.Y## ### ♣
♣.###....#.##@# ♣##
####### ###


You could see a yak.

Vanquished Creatures
  2 two-headed ogres
  3 spiny frogs (Lair:1)
  5 komodo dragons
  3 trolls (D:9)
  A hippogriff (D:9)
  4 wyverns
  9 yaks
  A hungry ghost (D:7)
  3 water moccasins
  3 orc warriors (D:9)
  4 porcupines (Lair:1)
  3 sky beasts
  A black bear (D:6)
  A swamp drake (D:9)
  An ice beast (D:9)
  A necrophage (D:9)
  A phantom (D:4)
  3 ogres
  2 crocodiles
  A big kobold (D:8)
  8 bullfrogs
  A scorpion (D:6)
  12 killer bees
  11 wights
  2 howler monkeys (D:6)
  3 crimson imps
  2 jellies
  A quasit (D:9)
  2 hounds
  6 orc priests
  2 orc wizards
  A centaur skeleton (D:6)
  10 worker ants
  Terence (D:2)
  3 iguanas
  A merfolk siren (Sewer)
  A merfolk avatar (Sewer)
  A hound zombie (D:7)
  2 hound skeletons
  A howler monkey zombie (D:5)
  A worker ant zombie (D:9)
  A gnoll (D:9)
  5 river rats
  28 adders
  A shadow imp (D:9)
  An ooze (D:2)
  5 adder skeletons
  5 worms
  3 dart slugs
  7 leopard geckos
  33 orcs
  8 bats
  3 giant cockroaches
  2 gnoll zombies (D:7)
  8 goblins
  8 hobgoblins
  11 jackals
  8 kobolds
  3 quokkas
  5 ball pythons
  9 frilled lizards
  A jackal skeleton (D:4)
  2 leopard gecko skeletons
  A leopard gecko zombie (D:6)
  A quokka skeleton (D:9)
  2 quokka zombies (D:6)
  30 rats
315 creatures vanquished.

Vanquished Creatures (others)
  A quasit (D:9)
  An orc wizard (D:9)
2 creatures vanquished.

Grand Total: 317 creatures vanquished

Notes
Turn   | Place    | Note
-------+----------+-------------------------------------------
     0 | D:1      | equalderp2856 the Minotaur Fighter began the quest for the Orb.
     0 | D:1      | Reached XP level 1. HP: 19/19 MP: 0/0
   146 | D:1      | Reached XP level 2. HP: 27/27 MP: 1/1
   709 | D:2      | Reached XP level 3. HP: 28/33 MP: 2/2
   834 | D:2      | Noticed Terence
   845 | D:2      | Killed Terence
   845 | D:2      | Reached skill level 3 in Axes
  1183 | D:2      | Reached XP level 4. HP: 40/40 MP: 3/3
  1427 | D:2      | Reached skill level 1 in Dodging
  1855 | D:3      | Reached skill level 4 in Axes
  2083 | D:3      | Reached XP level 5. HP: 42/46 MP: 4/4
  2390 | D:4      | Reached skill level 5 in Axes
  2395 | D:4      | Noticed an ogre
  2401 | D:4      | Killed an ogre
  2401 | D:4      | Reached skill level 5 in Shields
  2401 | D:4      | Reached XP level 6. HP: 35/52 MP: 5/5
  2429 | D:4      | Noticed a water moccasin
  2433 | D:4      | Killed a water moccasin
  2470 | D:4      | Reached skill level 6 in Axes
  2511 | D:4      | Found a white marble altar of Elyvilon.
  2821 | D:4      | Reached XP level 7. HP: 57/60 MP: 6/6
  3012 | D:4      | Reached skill level 5 in Armour
  3318 | D:5      | Entered Level 5 of the Dungeon
  3451 | D:5      | Found a staircase to the Ecumenical Temple.
  3522 | D:5      | Reached skill level 7 in Axes
  3671 | D:5      | Found a glowing drain.
  3679 | Sewer    | Entered a sewer
  4151 | Sewer    | Reached skill level 5 in Fighting
  4395 | D:5      | Reached skill level 8 in Axes
  4559 | D:5      | Noticed Frank's ghost (novice OpMo)
  4568 | D:5      | Reached XP level 8. HP: 63/68 MP: 7/7
  5098 | D:6      | Reached skill level 1 in Stealth
  6271 | D:6      | Reached skill level 9 in Axes
  6982 | D:7      | Reached XP level 9. HP: 25/74 MP: 8/8
  7419 | D:7      | Found a radiant altar of Vehumet.
  7549 | D:7      | Found a basalt altar of Yredelemnul.
  7596 | D:7      | Found a shadowy altar of Dithmenos.
  7902 | D:8      | Reached skill level 10 in Axes
  8287 | D:8      | Noticed a two-headed ogre
  8295 | D:8      | Killed a two-headed ogre
  8750 | D:8      | Reached XP level 10. HP: 32/84 MP: 9/9
  8935 | D:8      | Reached skill level 11 in Axes
  9430 | D:9      | Found a blossoming altar of Fedhas.
 10032 | D:9      | HP: 1/129 [orc warrior/scimitar (12)]
 10611 | D:9      | Reached skill level 5 in Dodging
 10770 | D:9      | Found a shadowy altar of Dithmenos.
 10798 | D:9      | Noticed a two-headed ogre
 10826 | D:9      | Killed a two-headed ogre
 10826 | D:9      | Reached skill level 12 in Axes
 11250 | D:9      | Found a hide-covered altar of Uskayaw.
 11409 | D:9      | Reached XP level 11. HP: 10/94 MP: 10/10
 11647 | D:9      | Found a staircase to the Lair.
 11652 | Lair:1   | Entered Level 1 of the Lair of Beasts
 11836 | Lair:1   | Reached skill level 10 in Shields
 12605 | Lair:1   | Reached skill level 13 in Axes
 12965 | Lair:1   | Reached skill level 10 in Armour
 13216 | Lair:1   | Slain by a yak

Skill      XL: |  1  2  3  4  5  6  7  8  9 10 11 |
---------------+----------------------------------+-----
Shields        | 4 5 6 7 8 9 10 | 10.7
Axes           | 3 4 5 6 8 9 10 12 13 | 13.3
Armour         | 4 5 7 8 9 10 | 10.1
Fighting       | 4 5 6 7 8 |  8.7
Dodging        | 1 2 3 4 5 |  5.6
Stealth        | 1 |  1.5
Evocations     | |  0.3

Action                   |  1- 3 |  4- 6 |  7- 9 | 10-12 || total
-------------------------+-------+-------+-------+-------++-------
Melee: War axe           |    85 |   119 |   501 |   414 ||  1119
       Headbutt          |     6 |    26 |    72 |    92 ||   196
Evoke: Wand              |       |       |     2 |     2 ||     4
  Use: Potion            |       |       |     2 |     4 ||     6
       Scroll            |       |       |     1 |     1 ||     2
  Eat: Chunk             |       |     5 |    19 |    11 ||    35
       Royal jelly       |       |       |     1 |     1 ||     2
       Fruit             |       |       |     1 |     1 ||     2
Armor: Scale mail        |    43 |    51 |   222 |    18 ||   334
       Chain mail        |       |       |       |   139 ||   139
       Skin              |       |       |       |    19 ||    19
Dodge: Dodged            |    28 |    36 |   187 |   126 ||   377
Block: Shield            |    48 |    49 |   301 |   116 ||   514
       Large shield      |       |       |       |   187 ||   187
